 Dungeon Crawl Stone Soup version 0.32-a0-516-g94ed278cf8 (webtiles) character file.

Game seed: 11307721937512084216

5949 lurch the Summoner (level 10, -3/78 HPs)
             Began as a Mountain Dwarf Summoner on Feb 27, 2024.
             Was an Elder of Beogh.
             Slain by Ognian the orc apostle
             ... wielding a +4 halberd of protection
              (9 damage)
             ... on level 9 of the Dungeon.
             The game lasted 00:27:26 (10709 turns).

lurch the Summoner (Mountain Dwarf Summoner)       Turns: 10709, Time: 00:27:27

Health: -3/78      AC: 23    Str: 10    XL:     10   Next: 54%
Magic:  6/14       EV:  5    Int: 21    God:    Beogh [****..]
Gold:   608        SH:  5    Dex: 15    Spells: 0/15 levels left

rFire   . . .        h - +4 whip (venom)
rCold   + . .        m - +0 buckler
rNeg    . . .        H - +3 chain mail {rC+}
rPois   .            c - +0 helmet
rElec   .            (no cloak)
rCorr   +            C - +2 pair of gloves {Stlth+}
SInv    .            G - +0 pair of boots
Will    +....        (no amulet) Stlth
                     I - ring "Sesokeemp" {rCorr Dex+5}
HPRegen 0.33/turn    A - +4 ring of protection
MPRegen 0.14/turn

%: no passive effects
@: unable to call your familiar
A: runic magic, artefact enchanting
a: Renounce Religion, Smiting, Recall Apostles, Dismiss Agrik, warrior, Dismiss
Oreg, wizard


You were on level 9 of the Dungeon.
You worshipped Beogh.
Beogh was greatly pleased with you.
You visited 1 branch of the dungeon, and saw 9 of its levels.
You also visited: Ossuary and Bailey.

You collected 825 gold pieces.
You spent 217 gold pieces at shops.

Inventory:

Hand Weapons
 h - a +4 whip of venom (weapon)
Missiles
 f - 6 poisoned darts
 g - 8 throwing nets
Armour
 a - a +0 kite shield
 c - a +0 helmet (worn)
 m - a +0 buckler (worn)
 r - a +2 chain mail of fire resistance
 C - a +2 pair of gloves of stealth (worn)
 G - a +0 pair of boots (worn)
 H - a +3 chain mail of cold resistance (worn)
Jewellery
 q - a +6 ring of strength
 A - a +4 ring of protection (right hand)
 I - the ring "Sesokeemp" (left hand) {rCorr Dex+5}
   (You found it in a bailey)

   [ring of resist corrosion]

   Dex+5:     It affects your dexterity (+5).
   rCorr:     It protects you from acid and corrosion.
 J - a +4 ring of protection
Wands
 B - a wand of paralysis (39)
 F - a wand of iceblast (6)
Scrolls
 b - a scroll of enchant weapon
 d - a scroll of revelation
 j - 3 scrolls of teleportation
 k - a scroll of fear
 n - 6 scrolls of fog
 o - 2 scrolls of vulnerability
 x - a scroll of brand weapon {unknown}
 y - a scroll of poison {unknown}
 D - a scroll of amnesia
Potions
 e - 3 potions of invisibility {unknown}
 i - a potion of resistance {unknown}
 l - a potion of heal wounds
 p - 2 potions of cancellation {unknown}
 s - a potion of attraction {unknown}
 t - a potion of curing {unknown}
 v - a potion of mutation {unknown}
 z - 2 potions of might
 E - a potion of lignification {unknown}


   Skills:
 - Level 4.0 Fighting
 * Level 7.7 Armour
 - Level 1.3 Dodging
 - Level 1.4 Stealth
 + Level 2.8 Shields
 - Level 3.0 Spellcasting
 * Level 2.6 Conjurations
 - Level 12.2 Summonings
 - Level 3.0 Air Magic
 * Level 2.4 Alchemy


You couldn't memorise any spells.
You knew the following spells:

 Your Spells              Type           Power      Damage    Failure   Level
a - Summon Small Mammal   Summ           100%       N/A       1%          1
b - Call Imp              Summ           100%       N/A       1%          2
c - Call Canine Familiar  Summ           53%        N/A       1%          3
d - Summon Lightning Spi  Summ/Air       35%        N/A       19%         4
e - Irradiate             Conj/Alch      6%         3d13      99%         5

Your spell library contained the following spells:

 Spells                   Type           Power      Damage    Failure   Level
 Summon Blazeheart Golem  Fire/Summ      28%        N/A       34%         4
 Swiftness                Air            15%        N/A       36%         3
 Ensorcelled Hibernation  Hex/Ice        6%         N/A       54%         2
 Lesser Beckoning         Tloc           6%         N/A       54%         2
 Gell's Gravitas          Tloc           3%         N/A       77%         3
 Inner Flame              Hex/Fire       3%         N/A       77%         3
 Passwall                 Erth           3%         N/A       77%         3
 Teleport Other           Tloc           3%         N/A       77%         3
 Ignition                 Fire           1%         3d3       100%        8


Dungeon Overview and Level Annotations

Branches:
Dungeon (9/15)             Temple (0/1) D:7            Lair (0/5) D:8
Ossuary (visited)          Bailey (visited)
    Orc: D:9-12

Altars:
Fedhas
Gozag
Okawaru
Trog
Wu Jian

Shops:
D:8 [

Annotations:
D:1 digging
D:5 1 runed translucent door, exclusion: door, Crazy Yiuf


Innate Abilities, Weirdness & Mutations

Your facial features look somewhat orcish.
Your spellcasting is much less encumbered by armour.
You can use scrolls of enchantment on lesser artefacts.


Message History

The bolt of electricity hits Ognian!
Unknown command.
You hit the bullfrog.
The bullfrog is poisoned.
The bullfrog is heavily wounded.
The bullfrog hits you but does no damage.
Ognian hits you but does no damage.
The bullfrog hits you but does no damage.
Your lightning spire shoots out a bolt of lightning at Ognian!
The bolt of electricity hits Ognian!
Ognian barely misses you.
You closely miss the bullfrog.
The bullfrog is heavily wounded.
The bullfrog barely misses you.
The bullfrog hits you but does no damage.
Ognian hits you from afar with a +4 halberd of protection!
Unknown command.
The bullfrog attacks as it pursues you!
The bullfrog hits you but does no damage.
Ognian attacks as he pursues you! Ognian hits you but does no damage.
Unknown command.
You barely miss the bullfrog.
The bullfrog is heavily wounded.
The bullfrog hits you but does no damage. x2
Ognian hits you from afar with a +4 halberd of protection!
* * * LOW HITPOINT WARNING * * *
Unknown command.
You barely miss the bullfrog.
The bullfrog is heavily wounded.
The bullfrog hits you but does no damage.
Ognian hits you from afar with a +4 halberd of protection!
* * * LOW HITPOINT WARNING * * *
The bullfrog hits you but does no damage.
Unknown command.
You whack the bullfrog!
The bullfrog is almost dead.
The bullfrog barely misses you.
Your lightning spire shoots out a bolt of lightning at Ognian!
The bolt of electricity hits Ognian!
Ognian hits you from afar with a +4 halberd of protection!
You die...
Beogh appreciates Ognian's killing of a heretic priest.

#)≈)).≈..###*******,* #.≈≈)≈≈.##
*,*
**########.......#####******,*
,,........#.##........,,,,,*,*
**#######.#.##.#######****,*,*
#####.#.##<#### *,*,*
######.#.##.#### ***,*,*
######.#.##I########*,,,,,*
#####.....†oF@.....#*,*,*,*
####...####.###!.....,,,*,*
####>#.####.###.##.##,**,,*
**##...#...##.###.**,**,,,,,*
*,...#####....###.**,*****,**
*.##...#o<.#..###.**,*****,**
*,####.#..........,,,,,,,,,,*
**,#..............#*,,*****,,*
,,,..#.....#.......,,******,,****


You could see Ognian the orc apostle (ally target, divinely empowered, target of
vengeance), a bullfrog (very poisoned, target of vengeance) and a friendly
lightning spire (summoned).

Vanquished Creatures
  A polar bear (D:8)
  2 yaks (D:8)
  A nameless horror (D:6)
  An ice beast (D:7)
  An orc warrior (D:8)
  A phantom (D:5)
  A gnoll sergeant (Bailey)
  3 bullfrogs
  A scorpion (D:6)
  2 killer bees (D:8)
  A sleepcap (D:6)
  An orc wizard (D:6)
  2 scorpion zombies (D:5)
  A hound zombie (D:5)
  6 gnolls
  3 adders
  A shadow imp (D:7)
  2 adder zombies
  A dart slug (D:4)
  3 orcs
  2 giant cockroaches (D:4)
  6 goblins
  4 hobgoblins
  A jackal (D:4)
  A quokka (D:2)
  5 ball pythons
  A bat (D:3)
  2 frilled lizards
  5 kobolds
  3 rats
65 creatures vanquished.

Vanquished Creatures (collateral kills)
  Joseph (D:7)
  A rime drake (D:8)
  A polar bear (D:8)
  Grinder (D:5)
  A nameless horror (D:5)
  A yak (D:8)
  Menkaure (D:5)
  A sky beast (D:7)
  5 ice beasts
  An ogre (D:7)
  6 wolves
  A phantom (D:5)
  A weeping skull (Ossuary)
  7 gnoll sergeants
  A water moccasin zombie (Ossuary)
  A scorpion (D:6)
  4 killer bees (D:8)
  A howler monkey (D:6)
  A bullfrog zombie (Ossuary)
  2 centaur zombies (Ossuary)
  7 gnoll boudas
  3 orc priests (D:6)
  6 hounds
  A jelly (D:6)
  A sleepcap (D:5)
  Ijyb (D:5)
  3 scorpion zombies
  2 iguanas
  7 orc wizards
  An ogre zombie (Ossuary)
  Robin (D:5)
  15 gnolls
  6 adders
  2 ufetubi (D:5)
  An adder skeleton (D:5)
  A ribbon worm (D:3)
  10 orcs
  4 endoplasms
  2 giant cockroaches
  8 gnoll zombies (Ossuary)
  13 goblins
  8 hobgoblins
  3 jackals (D:4)
  2 kobolds
  A quokka (D:1)
  8 ball pythons
  6 bats
  4 frilled lizards
  3 goblin zombies (Ossuary)
  2 hobgoblin zombies (Ossuary)
  An orc zombie (Ossuary)
  2 rats
174 creatures vanquished.

Vanquished Creatures (others)
  2 orc apostles
  A yak (D:8)
  A howler monkey (D:8)
  A ribbon worm (D:2)
  5 orcs
10 creatures vanquished.

Grand Total: 249 creatures vanquished

Notes
Turn   | Place    | Note
-------+----------+-------------------------------------------
     0 | D:1      | lurch the Mountain Dwarf Summoner began the quest for the
                  | Orb.
     0 | D:1      | Reached XP level 1. HP: 14/14 MP: 3/3
   287 | D:1      | Reached XP level 2. HP: 20/20 MP: 2/4
   290 | D:1      | Learned a level 2 spell: Call Imp
  1437 | D:2      | Reached XP level 3. HP: 19/26 MP: 2/6
  1443 | D:2      | Learned a level 3 spell: Call Canine Familiar
  1889 | D:2      | Became a worshipper of Beogh the Shepherd
  2426 | D:3      | Reached XP level 4. HP: 27/33 MP: 2/8
  2477 | D:3      | Found an ornate altar of the Wu Jian Council.
  2483 | D:3      | Found a blossoming altar of Fedhas.
  2510 | D:3      | Found a bloodstained altar of Trog.
  2563 | D:3      | Reached skill level 5 in Summonings
  2937 | D:3      | Found an opulent altar of Gozag.
  3232 | D:4      | Reached * piety under Beogh
  3320 | D:4      | Reached XP level 5. HP: 31/38 MP: 4/9
  3325 | D:4      | Learned a level 4 spell: Summon Lightning Spire
  3834 | D:5      | Entered Level 5 of the Dungeon
  3870 | D:5      | Found a sand-covered staircase.
  3883 | D:5      | Reached skill level 6 in Summonings
  3920 | Ossuary  | Entered an ossuary
  4081 | Ossuary  | Reached XP level 6. HP: 36/45 MP: 2/10
  4091 | Ossuary  | Reached ** piety under Beogh
  4092 | Ossuary  | Reached skill level 7 in Summonings
  4359 | Ossuary  | Reached skill level 8 in Summonings
  4359 | Ossuary  | Reached XP level 7. HP: 50/50 MP: 1/11
  4449 | Ossuary  | Noticed a silent spectre
  4652 | D:5      | Noticed Menkaure
  4661 | D:5      | Killed Menkaure
  4692 | D:5      | Reached skill level 9 in Summonings
  4867 | D:5      | Reached skill level 1 in Air Magic
  4876 | D:5      | Reached XP level 8. HP: 51/57 MP: 4/12
  5105 | D:5      | Noticed a nameless horror
  5238 | D:5      | Killed a nameless horror
  5523 | D:5      | Noticed Grinder
  5570 | D:5      | Paralysed by Grinder for 3 turns
  5582 | D:5      | Killed Grinder
  5583 | D:5      | Reached skill level 10 in Summonings
  5676 | D:5      | Found a runed translucent door.
  5677 | D:5      | Noticed Crazy Yiuf
  6080 | D:5      | Noticed Ijyb
  6087 | D:5      | Noticed Robin
  6100 | D:5      | Paralysed by Ijyb for 3 turns
  6101 | D:5      | Killed Robin
  6108 | D:5      | Killed Ijyb
  6831 | D:6      | Found an iron altar of Okawaru.
  6921 | D:6      | Reached *** piety under Beogh
  6927 | D:6      | Noticed Agrik
  6941 | D:6      | Noticed a nameless horror
  6943 | D:6      | Killed a nameless horror
  6956 | D:6      | Anointed Agrik the warrior as your apostle
  7159 | D:6      | Reached skill level 11 in Summonings
  7634 | D:7      | Reached XP level 9. HP: 54/62 MP: 8/13
  7639 | D:7      | Found a staircase to the Ecumenical Temple.
  7940 | D:7      | Reached skill level 1 in Fighting
  8097 | D:7      | Noticed Oreg
  8109 | D:7      | Anointed Oreg the wizard as your apostle
  8313 | D:7      | Noticed Joseph
  8322 | D:7      | Killed Joseph
  8323 | D:7      | Reached skill level 12 in Summonings
  8652 | D:8      | Noticed a rime drake
  8656 | D:8      | Noticed a polar bear
  8657 | D:8      | Noticed a polar bear
  8663 | D:8      | Killed a rime drake
  8664 | D:8      | Reached skill level 1 in Shields
  8666 | D:8      | Killed a polar bear
  8672 | D:8      | Killed a polar bear
  8673 | D:8      | Reached skill level 5 in Armour
  8678 | D:8      | Found a staircase to the Lair.
  8701 | D:8      | Reached **** piety under Beogh
  8702 | D:8      | Reached XP level 10. HP: 48/78 MP: 7/14
  8900 | D:8      | Learned a level 5 spell: Irradiate
  8965 | D:8      | Reached skill level 1 in Conjurations
  8975 | D:8      | Reached skill level 1 in Alchemy
  9129 | D:8      | Found Pihut's Antique Armour Emporium.
  9132 | D:8      | Bought a glowing chain mail for 217 gold pieces
  9795 | D:9      | Found a flagged portal.
  9808 | Bailey   | Entered a bailey
 10226 | Bailey   | Your ally Oreg died
 10430 | Bailey   | Identified the ring "Sesokeemp" {rCorr Dex+5}
 10684 | D:9      | Identified the +6 scale mail of the Known World {Dex+2}
 10684 | D:9      | Noticed Ognian
 10698 | D:9      | Your ally Agrik died
 10709 | D:9      | Slain by Ognian the orc apostle

Illustrated notes

Levels and vault maps discovered:
D:1:      lightli_molten_gateway, layout_basic, due_unseen_surprise
D:2:      cheibrodos_pilgrimage, layout_loops_ring, grunt_decor_one_mirror
D:3:      minmay_recursive_quarters, layout_basic,
          nicolae_gozag_cash_rules_everything_around_me,
          minmay_overflow_temple_star_quad
D:4:      layout_basic
D:5:      layout_gridville, mainiacjoe_ossuary_entry_find_the_door,
          nicolae_goblin_pals, uniq_grinder, uniq_menkaure,
          uniq_crazy_yiuf_cottage
D:6:      minmay_evil_eye, layout_loops_ring, kennysheep_okawaru_gauntlet
D:7:      layout_loops_corners, minmay_temple_entry_mini_moons, uniq_joseph
D:8:      layout_basic, hellmonk_lair_entry_icy, serial_shops, shop
D:9:      layout_loops_ring, enter_bailey_5, st_stairs_12,
          kennysheep_cluttered_room

Skill      XL: |  1  2  3  4  5  6  7  8  9 10 |
---------------+-------------------------------+-----
Spellcasting   | 2 3 |  3.0
Summonings     | 5 6 8 9 11 12 | 12.2
Air Magic      | 1 3 |  3.0
Fighting       | 4 |  4.0
Armour         | 5 7 |  7.7
Shields        | 1 2 |  2.8
Conjurations   | 2 |  2.6
Alchemy        | 2 |  2.4
Dodging        | |  1.3
Stealth        | |  1.4

Action                     |  1- 3 |  4- 6 |  7- 9 | 10-12 || total
---------------------------+-------+-------+-------+-------++-------
  Melee: Mace              |    85 |    66 |    44 |       ||   195
         Whip              |       |       |    65 |   105 ||   170
         Dagger            |       |       |    19 |       ||    19
  Throw: Dart              |       |       |     1 |       ||     1
   Cast: Summon Small Mamm |    50 |    26 |    18 |     4 ||    98
         Call Imp          |    26 |    19 |    11 |       ||    56
         Call Canine Famil |     2 |     9 |    44 |     4 ||    59
         Summon Lightning  |       |       |     6 |     7 ||    13
 Invoke: Convert to Beogh  |     1 |       |       |       ||     1
         Recruit Apostle   |       |       |     2 |       ||     2
         Recall Apostles   |       |       |     1 |     1 ||     2
  Evoke: Wand              |       |       |     1 |       ||     1
    Use: Potion            |     1 |       |     1 |       ||     2
         Scroll            |       |       |    14 |     2 ||    16
   Stab: Distracted        |     3 |     2 |     1 |       ||     6
 Armour: Robe              |    99 |    21 |       |       ||   120
         Ring mail         |       |    62 |   168 |    40 ||   270
         Chain mail        |       |       |       |   157 ||   157
  Dodge: Dodged            |    79 |    46 |   104 |    91 ||   320
         Repelled          |     2 |       |     1 |       ||     3
  Block: Buckler           |       |    13 |    31 |    49 ||    93

Table legend: (Time is in decaauts)
 A = Elapsed time spent in this place.
 B = Non-inter-level travel time spent in this place.
 C = Inter-level travel time spent in this place.
 D = Time resting spent in this place.
 E = Time spent auto-exploring this place.
 F = Levels seen in this place.
 G = Mean time per level.
                   A        B        C        D        E       F      G
               +--------+--------+--------+--------+--------+-----+--------+
         Total |  10809 |  10482 |    327 |     16 |   8034 |  11 |  982.6 |
       Dungeon |   9384 |   9057 |    327 |     16 |   6970 |   9 | 1042.7 |
       Ossuary |    573 |    573 |      0 |      0 |    396 |   1 |  573.0 |
        Bailey |    852 |    852 |      0 |      0 |    668 |   1 |  852.0 |
               +--------+--------+--------+--------+--------+-----+--------+

Top non-repeatable levels by time:
     D:5: 1831 daAuts
     D:1: 1236 daAuts
     D:6: 1164 daAuts
     D:8: 1142 daAuts
     D:7: 1107 daAuts
     D:2: 1043 daAuts
     D:3: 979 daAuts
  Bailey: 852 daAuts
     D:4: 801 daAuts
 Ossuary: 573 daAuts
     D:9: 78 daAuts
